 Dungeon Crawl Stone Soup version 0.28-a0-305-g9e858e973b (webtiles) character file.

Game seed: 9715600464478880884

149 bande the Covered (level 5, -2/33 HPs)
             Began as a Gargoyle Fighter on Aug 29, 2021.
             Slain by a ball python (3 damage)
             ... on level 4 of the Dungeon.
             The game lasted 00:05:51 (3789 turns).

bande the Covered (Gargoyle Fighter)                Turns: 3789, Time: 00:05:52

Health: -2/33      AC: 14    Str: 19      XL:     5   Next: 31%
Magic:  5/5        EV:  7    Int:  9      God:
Gold:   83         SH:  8    Dex:  9 (10) Spells: 4/4 levels left

rFire   . . .      SeeInvis .   a - +1 war axe
rCold   . . .      Faith    .   c - +0 kite shield
rNeg    + . .      Spirit   .   b - +0 scale mail
rPois   ∞          Reflect  .   h - +0 helmet
rElec   +          Harm     .   n - +0 cloak
rCorr   +          Rampage  .   (no gloves)
Will    .....                   l - +0 pair of boots
Stlth   ..........              (no amulet)
HPRegen 0.11/turn               j - ring of resist corrosion
MPRegen 0.09/turn               (no ring)

@: no status effects
A: sickness immunity, AC +4, negative energy resistance 1, electricity
resistance, torment resistance 1, petrification resistance
a: no special abilities


You were on level 4 of the Dungeon.
You visited 1 branch of the dungeon, and saw 4 of its levels.

You collected 83 gold pieces.

Inventory:

Hand Weapons
 a - a +1 war axe (weapon)
 m - a +0 flail
Armour
 b - a +0 scale mail (worn)
 c - a +0 kite shield (worn)
 h - a +0 helmet (worn)
 l - a +0 pair of boots (worn)
 n - a +0 cloak (worn)
Jewellery
 j - a ring of resist corrosion (left hand)
Wands
 e - a wand of flame (4)
 g - a wand of acid (10)
Potions
 d - a potion of might
 f - 2 potions of ambrosia
 i - a potion of heal wounds {unknown}
 k - a potion of attraction {unknown}


   Skills:
 + Level 4.0 Fighting
 + Level 3.3 Axes
 + Level 4.2 Armour
 + Level 3.9 Shields
 * Level 0.2 Evocations


You had 4 spell levels left.
You didn't know any spells.
Your spell library contained the following spells:

 Spells                   Type           Power      Damage    Failure   Level
 Call Canine Familiar     Summ           0%         N/A       100%        3
 Portal Projectile        Hex/Tloc       0%         N/A       100%        3
 Leda's Liquefaction      Hex/Erth       0%         N/A       100%        4
 Petrify                  Tmut/Erth      0%         N/A       100%        4
 Irradiate                Conj/Tmut      0%         3d13      100%        5
 Sublimation of Blood     Necr           Unusable   N/A       N/A         2

Dungeon Overview and Level Annotations

Branches:
Dungeon (4/15)
 Temple: D:4-7

Altars:
Ru
Uskayaw
Vehumet
Zin

Shops:
D:1 [   D:3 *


Innate Abilities, Weirdness & Mutations

You are immune to sickness and miasma.
Your stone body is resilient. (AC +4)
You are immune to poison.
You resist negative energy. (rN+)
You are resistant to electric shocks. (rElec)
You are resistant to unholy torment.
You are immune to petrification.


Message History

You block the gnoll's attack. The gnoll completely misses you.
You slash the gnoll!
The gnoll is heavily wounded.
You closely miss the gnoll. The gnoll hits you but does no damage.
A gnoll comes into view. It is wielding a +0 whip.
A gnoll comes into view. It is wielding a +0 halberd.
You block the gnoll's attack. The gnoll hits you but does no damage.
You block the gnoll's attack.
The gnoll moves out of view.
You barely miss the gnoll. You hit the gnoll but do no damage.
You barely miss the gnoll. The gnoll hits you with a +0 halberd.
You block the gnoll's attack. The gnoll hits you but does no damage.
Unknown command.
You closely miss the gnoll.
The gnoll shouts!
You hit the gnoll. x3; The gnoll hits you but does no damage. x6
You slash the gnoll!
You kill the gnoll!
You completely miss the gnoll. You hit the gnoll.
You completely miss the gnoll. You block the gnoll's attack.
The gnoll hits you but does no damage. x2
A gnoll shaman comes into view. It is wielding a +0 whip.
The gnoll hits you with a +0 halberd!
The gnoll hits you from afar with a +0 halberd.
The gnoll hits you with a +0 spear. You block the gnoll's attack.
Your Fighting skill increases to level 4!
You closely miss the ball python.
The gnoll shaman shouts!
You hit the gnoll but do no damage. You hit the gnoll.
Your shield prevents you from hitting the gnoll.
The ball python barely misses you. x2; The gnoll hits you with a +0 halberd.
You block the gnoll's attack. The gnoll hits you with a +0 club.
* * * LOW HITPOINT WARNING * * *
The ball python bites you.
* * * LOW HITPOINT WARNING * * *
The ball python closely misses you. You block the gnoll's attack.
You block the gnoll's attack. The gnoll barely misses you.
The gnoll hits you from afar with a +0 spear.
* * * LOW HITPOINT WARNING * * *
The gnoll hits you but does no damage. The ball python bites you.
You die...

#...... #...... ## .
#....g. .#
##...#......#### .#
#....#.........# .# #..
.'......gg.# +#
.#####'###..####gg.##...
............#..#S...((..
#...........#).#@..?....
#...........##'#........
#..................##...
#..................# ..
#.......#'##....#..# .
#.......#..#....####
#.......'..#....#
'.......#..#....#
#.......#..#....#


You could see a gnoll shaman, 4 gnolls and a ball python.

Vanquished Creatures
  A hound (D:4)
  Ijyb (D:4)
  A hound skeleton (D:4)
  A gnoll (D:4)
  An adder (D:2)
  3 worms
  A dart slug (D:4)
  2 orcs
  2 ball pythons
  5 bats
  7 endoplasms
  2 giant cockroaches
  7 goblins
  3 hobgoblins
  4 kobolds
  3 quokkas
  A frilled lizard (D:1)
  4 rats
49 creatures vanquished.

Notes
Turn   | Place    | Note
-------+----------+-------------------------------------------
     0 | D:1      | bande the Gargoyle Fighter began the quest for the Orb.
     0 | D:1      | Reached XP level 1. HP: 14/14 MP: 1/1
   213 | D:1      | Found a faded altar of an unknown god.
   453 | D:1      | Reached XP level 2. HP: 16/19 MP: 2/2
   596 | D:1      | Found Imeofo Pavu's Antique Armour Shop.
  1512 | D:2      | Reached XP level 3. HP: 22/24 MP: 3/3
  1689 | D:2      | You fall into a shaft and drop 2 floors!
  1757 | D:4      | Found a glowing silver altar of Zin.
  1768 | D:4      | Noticed Ijyb
  1793 | D:4      | Killed Ijyb
  1794 | D:4      | Reached XP level 4. HP: 5/29 MP: 4/4
  2603 | D:2      | Found a radiant altar of Vehumet.
  3135 | D:3      | Found a hide-covered altar of Uskayaw.
  3238 | D:3      | Found a sacrificial altar of Ru.
  3264 | D:3      | Found Jossoug's Assorted Antiques.
  3577 | D:4      | Reached XP level 5. HP: 24/33 MP: 5/5
  3789 | D:4      | HP: 1/33 [gnoll (1)]
  3789 | D:4      | Slain by a ball python

Illustrated notes

Levels and vault maps discovered:
D:1:      co_arrival_random_square_maze, layout_basic,
          hellmonk_ecumenical_altar_arch_garden, serial_shops, shop,
          chequers_serial_rivers_micro_c
D:2:      layout_loops_corners, basic_altar, st_stairs_5
D:3:      layout_rooms, nicolae_overflow_crystal_walls, lemuel_doored_altar,
          serial_shops, shop
D:4:      layout_gridville, mainiacjoe_overflow_paths, supply_closet_lemuel,
          corexii_shack, kennysheep_generic_room_14, uniq_ijyb, uniq_grinder

Skill      XL: |  1  2  3  4  5 |
---------------+----------------+-----
Axes           | 2 3 |  3.3
Armour         | 4 |  4.2
Fighting       | 4 |  4.0
Shields        | |  3.9
Evocations     | |  0.2

Action                   |  1- 3 |  4- 6 || total
-------------------------+-------+-------++-------
Melee: War axe           |    76 |    85 ||   161
  Use: Scroll            |     2 |     3 ||     5
       Potion            |     2 |       ||     2
Armor: Scale mail        |    57 |    64 ||   121
Dodge: Dodged            |    29 |    38 ||    67
Block: Kite shield       |    30 |    58 ||    88

Table legend: (Time is in decaauts)
 A = Elapsed time spent in this place.
 B = Non-inter-level travel time spent in this place.
 C = Inter-level travel time spent in this place.
 D = Time resting spent in this place.
 E = Time spent auto-exploring this place.
 F = Levels seen in this place.
 G = Mean time per level.
                   A        B        C        D        E       F      G
               +--------+--------+--------+--------+--------+-----+--------+
         Total |   3889 |   3872 |     17 |    592 |   2676 |   4 |  972.2 |
       Dungeon |   3889 |   3872 |     17 |    592 |   2676 |   4 |  972.2 |
               +--------+--------+--------+--------+--------+-----+--------+

Top non-repeatable levels by time:
     D:2: 1536 daAuts
     D:1: 1041 daAuts
     D:4: 828 daAuts
     D:3: 482 daAuts
